 Dungeon Crawl Stone Soup version 0.22-a0-367-gb72a975 (webtiles) character file.

13 Amnesiac the Magician (level 2, 0/20 HPs)
             Began as a Mummy Wizard on Apr 22, 2018.
             Slain by Robin
             ... wielding a +5 whip of flaming
              (4 damage)
             ... on level 2 of the Dungeon.
             The game lasted 00:02:19 (551 turns).

Amnesiac the Magician (Mummy Wizard)                 Turns: 551, Time: 00:02:20

Health: 0/20       AC:  4    Str: 10    XL:     2   Next: 24%
Magic:  3/7        EV: 12    Int: 17    God:
Gold:   20         SH:  0    Dex: 10    Spells: 6/9 levels left

rFire    x . .     SeeInvis .   b - +0 rapier
rCold    + . .     Gourm    .   (no shield)
rNeg     + + +     Faith    .   e - +0 robe
rPois    ∞         Spirit   .   (no helmet)
rElec    .         Reflect  .   (no cloak)
rCorr    .         Harm     .   (no gloves)
MR       .....                  f - +1 pair of boots
Stlth    ++........             (no amulet)
HPRegen  0.06/turn              c - ring of poison resistance
MPRegen  0.10/turn              (no ring)

@: no status effects
A: no food or potions, fire vulnerability, cold resistance 1, negative energy
resistance 3, torment resistance, unbreathing
a: no special abilities


You were on level 2 of the Dungeon.
You were not hungry.

You visited 1 branch of the dungeon, and saw 2 of its levels.

You collected 20 gold pieces.

Inventory:

Hand Weapons
 a - a +0 hunting sling
 b - a +0 rapier (weapon)
Missiles
 i - a stone (quivered)
Armour
 e - a +0 robe (worn)
 f - a +1 pair of boots (worn)
 h - a +0 buckler
Jewellery
 c - a ring of poison resistance (left hand)
Scrolls
 d - a scroll of teleportation {!r, unknown}


   Skills:
 + Level 0.9 Fighting
 * Level 2.2 Dodging
 - Level 1.5 Stealth
 - Level 4.0 Spellcasting
 - Level 0.7 Conjurations
 - Level 0.7 Summonings
   Level 0.7 Translocations


You had 6 spell levels left.
You knew the following spells:

 Your Spells              Type           Power        Failure   Level  Hunger
a - Magic Dart            Conj           #...         12%         1    N/A
b - Call Imp              Summ           #.......     19%         2    N/A

Dungeon Overview and Level Annotations

Branches:
Dungeon (2/15)

Altars:

Annotations:
D:2 Robin


Innate Abilities, Weirdness & Mutations

You do not eat or drink.
Your flesh is vulnerable to fire.
You are immune to poison.
Your flesh is cold resistant. (rC+)
You are immune to negative energy. (rN+++)
You are immune to unholy pain and torment.
You can survive without breathing.


Message History

Firing (i - inventory) No suitable missiles.
Press: ? - help, Shift-Dir - straight line, f/p - dart slug
Aim: a dart slug (moderately wounded)
Okay, then.
b - a +0 rapier (weapon)
The dart slug closely misses you. The bat misses you.
You hit the dart slug.
The dart slug is severely wounded.
The bat hits you but does no damage. The dart slug launches a dart at you.
The slug dart misses you.
You hit the dart slug.
You kill the dart slug!
The bat hits you but does no damage.
You closely miss the bat. The bat barely misses you.
You barely miss the bat. The bat completely misses you.
The bat closely misses you. The bat hits you but does no damage.
The bat hits you but does no damage. The bat misses you.
You barely miss the bat. The bat misses you. The bat completely misses you.
The bat hits you.
You hit the bat.
You kill the bat!
No target in view!
No target in view!
You now have 20 gold pieces (gained 8).
i - a stone Drop what? 9/52 slots (_ for help) (? for menu, Esc to quit)
You start removing your armour.
You continue taking off your +0 hat. x4
You finish taking off your +0 hat.
You drop a +0 hat.
d - a scroll labeled PYDDAT FORCH {!r}
There is a stone staircase leading down here.
Memorise Call Imp, consuming 2 spell levels and leaving 6?
You start memorising the spell.
You continue memorising. x2
You finish memorising.
Spell assigned to 'b'.
You climb downwards.
Level annotation: Robin Robin barely misses you.
Robin misses you.
There is a stone staircase leading up here.
Casting: Magic Dart (safe; 12% risk of failure)
Confirm with . or Enter, or press ? or * to list all spells.
A beastly little devil appears in a puff of flame.
Robin completely misses you.
Casting: Call Imp (safe; 19% risk of failure)
Confirm with . or Enter, or press ? or * to list all spells.
A beastly little devil appears in a puff of frigid air.
Robin hits you with a whip of flaming! Robin burns you.
* * * LOW HITPOINT WARNING * * *
Your crimson imp blinks!
Your white imp gestures at Robin.
The puff of frost misses Robin.
The puff of frost hits you! You resist.
* * * LOW HITPOINT WARNING * * *
Your crimson imp blinks!
Really read
g - a scroll labeled VEDDEW CIWN {!r}?
Okay, then.
You aren't carrying any items that you can evoke.
Really read
g - a scroll labeled VEDDEW CIWN {!r}?
As you read the scroll labeled VEDDEW CIWN {!r}, it crumbles to dust.
The creatures around you are filled with an inner flame!
It was a scroll of immolation {!r}.
You hit Robin.
Robin is moderately wounded.
Robin barely misses you.
Your white imp freezes Robin.
Robin hits you with a whip of flaming.
You die...

.##.†.## #.....# #.# ##. ####.##
#.....# #.# #.. #.# #....## #.#
#.# ##.## #.#.## #.# #.# ##<..##
#.#.## #.# #.# ##.....## #....##
#.# #.# #.....[.# ##.....## #.#
#.# ##....).####..5....####.###
#.# #....#.......5g@.........##
#.# #.##....####..<.%..####....#
#.#
##.#.##...........#######..####.#
........g##...................#
##.####...##.....#######..######
#. ##.######### #.......# #g#
##.####.# #.# #.# #.# #.# #.# #.#


You could see Robin (inner flame), a goblin, a friendly crimson imp and a
friendly white imp.

Vanquished Creatures
  A dart slug (D:1)
  3 goblins (D:2)
  A hobgoblin (D:2)
  3 bats
  2 frilled lizards (D:2)
10 creatures vanquished.

Notes
Turn   | Place    | Note
-------+----------+-------------------------------------------
     0 | D:1      | Amnesiac the Mummy Wizard began the quest for the Orb.
     0 | D:1      | Reached XP level 1. HP: 13/13 MP: 5/5
   474 | D:2      | Noticed Robin
   487 | D:2      | Reached XP level 2. HP: 19/20 MP: 7/7
   544 | D:1      | Learned a level 2 spell: Call Imp
   551 | D:2      | Slain by Robin

Vault maps used:
D:1:      minmay_arrival_doors, due_unseen_surprise
D:2:      first_ration, uniq_robin

Skill      XL: |  1 |
---------------+----+-----
Dodging        | 2 |  2.2
Fighting       | |  0.9
Stealth        | |  1.5
Spellcasting   | |  4.0
Conjurations   | |  0.7
Summonings     | |  0.7
Translocations | |  0.7

Action                   || total
-------------------------++-------
Melee: Rapier            ||    12
 Fire: Hunting sling     ||     9
 Cast: Magic Dart        ||    10
       Call Imp          ||     2
  Use: Scroll            ||     1
Armor: Robe              ||    13
Dodge: Dodged            ||    30

Table legend:
 A = Spawn XP
 B = Non-spawn XP
 C = Spawn XP percentage of total XP
 D = Spawn monster count
 E = Non-spawn monster count
 F = Spawn count percentage of total count
 G = Total turns spent on level
                    A         B        C        D         E        F      G
               +---------+---------+-------+---------+---------+-------+---------
         Total |       0 |      19 |   0.0 |       0 |      10 |   0.0 |   551
               +---------+---------+-------+---------+---------+-------+---------
           D:1 |       0 |       6 |   0.0 |       0 |       2 |   0.0 |   110
           D:2 |       0 |      13 |   0.0 |       0 |       8 |   0.0 |   441
               +---------+---------+-------+---------+---------+-------+---------
